 Dungeon Crawl Stone Soup version 0.31-a0-192-ga50d7bf3bb (webtiles) character file.

Game seed: 15677482434830789372

268 qw the Skirmisher (level 6, -2/34 HPs)
             Began as a Deep Elf Hunter on June 23, 2023.
             Slain by an orc priest
             ... wielding a +0 hand axe
              (3 damage)
             ... on level 4 of the Dungeon.
             The game lasted 00:01:01 (2690 turns).

qw the Skirmisher (Deep Elf Hunter)                 Turns: 2690, Time: 00:01:02

Health: -2/34      AC:  3    Str: 10    XL:     6   Next: 0%
Magic:  0/8        EV: 14    Int: 14    God:
Gold:   7          SH:  0    Dex: 22    Spells: 5/5 levels left

rFire   . . .        Y - +0 shortbow
rCold   . . .        (shield currently unavailable)
rNeg    . . .        c - +1 robe of the Amoeba {-Cast Dex+4}
rPois   .            (no helmet)
rElec   .            (no cloak)
rCorr   .            (no gloves)
SInv    .            (no boots)
Will    .....        e - amulet of guardian spirit
Stlth   ++           (no ring)
HPRegen 0.25/turn    (no ring)
MPRegen 0.11/turn

%: no spellcasting, guardian spirit
@: about to teleport
A: no striking features
a: no special abilities


You were on level 4 of the Dungeon.
You visited 1 branch of the dungeon, and saw 4 of its levels.

You collected 158 gold pieces.
You spent 151 gold pieces at shops.


   Skills:
 + Level 1.5 Fighting
 - Level 9.4 Ranged Weapons
 - Level 3.0 Dodging
 - Level 1.2 Stealth


You had 5 spell levels left.
You didn't know any spells.
Your spell library was empty.

Inventory:

Hand Weapons
 Y - a +0 shortbow (weapon)
Armour
 c - the +1 robe of the Amoeba (worn) {-Cast Dex+4}
   (You found it on level 3 of the Dungeon)

   Dex:       It affects your dexterity (+4).
   -Cast:     It prevents spellcasting.
 d - a +0 helmet
Jewellery
 e - an amulet of guardian spirit (around neck)
Scrolls
 a - 2 scrolls of enchant armour
 g - 3 scrolls of teleportation
 k - a scroll of identify
Potions
 b - 2 potions of enlightenment
 f - a potion of lignification {unknown}
 h - a potion of might
 i - 3 potions of curing

Dungeon Overview and Level Annotations

Branches:
Dungeon (4/15)
 Temple: D:4-7

Altars:
Ru
Uskayaw

Shops:
D:2 *[((   D:4 !=


Message History

You shoot an arrow. The arrow hits the orc priest.
The orc priest is heavily wounded.
An orc priest comes into view. It is wielding a +0 whip.
You shoot an arrow.
The arrow closely misses the orc priest.
The orc priest closely misses you.
An orc comes into view. It is wielding a +0 flail.
You shoot an arrow. The arrow hits the orc priest.
The orc priest is severely wounded.
You hear a shout!
The orc priest invokes the aid of Beogh against you.
Beogh smites you!
You shoot an arrow.
The arrow hits the orc priest but does no damage.
The orc priest is severely wounded.
An orc comes into view. It is wielding a +0 short sword.
You shoot an arrow.
The arrow hits the orc priest but does no damage.
The orc priest hits you with a +0 whip.
You shoot an arrow.
The arrow closely misses the orc priest.
The orc priest misses you. The orc hits you with a +0 flail.
You shoot an arrow. The arrow barely misses the orc priest.
The arrow hits the orc priest.
The orc priest is severely wounded.
You shoot an arrow. The arrow hits the orc priest.
The orc priest is heavily wounded.
The orc priest barely misses you.
You shoot an arrow. The arrow hits the orc priest.
The orc priest is almost dead.
The orc priest jeers repeatedly.
The orc priest hits you with a +0 whip. The orc hits you with a +0 flail.
The orc closely misses you. The orc priest closely misses you.
2690 ||| READING 4 scrolls of teleportation.
As you read the scroll of teleportation, it crumbles to dust.
You feel strangely unstable. The orc priest barely misses you.
The orc barely misses you. The orc hits you with a +0 flail!
The orc priest hits you with a +0 hand axe.
You die...

#.# #.# #.#
##.# #.# #.#
##.####.#
#.#
##.##...#
#.# ##
...##.###
#.# # ..
#..##.#
#.#.#.#
##>...#
######.#...#
######
#.....oo...#
#...#.@o...#
#..#...o...#
#.
######..[.#
# ..#.# ...#
####


You could see 2 orc priests and 2 orcs.

Vanquished Creatures
  An ogre (D:4)
  An orc priest (D:3)
  An iguana (D:4)
  4 adders
  A worm (D:2)
  A dart slug (D:1)
  5 orcs (D:3)
  2 bats (D:2)
  11 endoplasms
  3 giant cockroaches
  6 goblins
  8 hobgoblins
  7 jackals
  5 quokkas
  4 ball pythons
  4 frilled lizards
  9 kobolds
  7 rats
80 creatures vanquished.

Notes
Turn   | Place    | Note
-------+----------+-------------------------------------------
     0 | D:1      | qw the Deep Elf Hunter began the quest for the Orb.
     0 | D:1      | Reached XP level 1. HP: 12/12 MP: 3/3
     0 | D:1      | 0 ||| qw: Version: 0.3-a-9-g12657ce
     0 | D:1      | 0 ||| qw: Game counter: 4571
     0 | D:1      | 0 ||| qw: Always use a shield: true
     0 | D:1      | 0 ||| qw: God list: Okawaru
     0 | D:1      | 0 ||| qw: Allow faded altars: false
     0 | D:1      | 0 ||| qw: Do Orc after D:15 true
     0 | D:1      | 0 ||| qw: Do second Lair branch before Depths: true
     0 | D:1      | 0 ||| qw: Lair rune preference: random
     0 | D:1      | 0 ||| qw: Plans: Normal
     0 | D:1      | 0 ||| PLANNING D:1-11
    87 | D:1      | Reached XP level 2. HP: 10/16 MP: 4/4
   151 | D:1      | Reached skill level 6 in Ranged Weapons
   201 | D:1      | Found a faded altar of an unknown god.
   459 | D:1      | Reached XP level 3. HP: 20/20 MP: 5/5
   804 | D:1      | 804 ||| UPGRADING to amulet of guardian spirit.
   809 | D:1      | 809 ||| READING scroll labelled ENGUMU CEUFI.
   810 | D:1      | 810 ||| READING scroll labelled MOTZAKHLOHOY.
   811 | D:1      | 811 ||| READING 2 scrolls labelled OBANKA YJOTY.
   815 | D:1      | 815 ||| DRINKING 2 fuming yellow potions.
   816 | D:1      | 816 ||| DROPPING scroll of butterflies.
   866 | D:2      | Reached skill level 7 in Ranged Weapons
   963 | D:2      | Found a sacrificial altar of Ru.
  1045 | D:2      | Found Ruem's Weapon Emporium.
  1219 | D:2      | Found Ylaukle's Antique Weapon Boutique.
  1223 | D:2      | Found Cyilic's Antique Armour Boutique.
  1227 | D:2      | Found Gile Goll's Assorted Antiques.
  1229 | D:2      | 1229 ||| SHOPLISTING runed sling (90 gold, have 85).
  1233 | D:2      | 1233 ||| SHOPLISTING cloak (108 gold, have 85).
  1233 | D:2      | 1233 ||| SHOPLISTING glowing ring mail (168 gold, have 85).
  1233 | D:2      | 1233 ||| SHOPLISTING ring mail (96 gold, have 85).
  1233 | D:2      | 1233 ||| SHOPLISTING runed hat (168 gold, have 85).
  1233 | D:2      | 1233 ||| SHOPLISTING shiny scale mail (168 gold, have 85).
  1235 | D:2      | 1235 ||| SHOPLISTING amber-encrusted ring mail (225 gold,
                  | have 85).
  1235 | D:2      | 1235 ||| BUYING fizzy orange potion (22 gold).
  1235 | D:2      | Bought a fizzy orange potion for 22 gold pieces
  1235 | D:2      | 1235 ||| BUYING scroll labelled NICROOLOATT (25 gold).
  1235 | D:2      | Bought a scroll labelled NICROOLOATT for 25 gold pieces
  1279 | D:2      | Reached XP level 4. HP: 25/25 MP: 6/6
  1339 | D:2      | 1339 ||| UPGRADING to +0 scale mail.
  1349 | D:2      | 1349 ||| DROPPING +0 leather armour.
  1350 | D:2      | 1350 ||| READING 3 scrolls labelled BYBBOO ZANANA.
  1351 | D:2      | 1351 ||| READING scroll labelled KACVANGOROT.
  1352 | D:2      | 1352 ||| READING scroll labelled NICROOLOATT.
  1353 | D:2      | 1353 ||| DRINKING 2 fizzy orange potions.
  1595 | D:3      | 1595 ||| DROPPING +1 heavy sling.
  1738 | D:3      | Found a faded altar of an unknown god.
  2033 | D:3      | Identified the +1 robe of the Amoeba {-Cast Dex+4}
  2095 | D:3      | Reached skill level 8 in Ranged Weapons
  2394 | D:3      | 2394 ||| UPGRADING to +1 robe of the Amoeba {-Cast Dex+4}.
  2404 | D:3      | 2404 ||| DROPPING +0 scale mail.
  2405 | D:3      | 2405 ||| READING 2 scrolls of identify.
  2405 | D:3      | 2405 ||| IDENTIFYING grey potion
  2442 | D:4      | Reached XP level 5. HP: 29/29 MP: 7/7
  2442 | D:4      | Found a hide-covered altar of Uskayaw.
  2446 | D:4      | Reached skill level 3 in Dodging
  2504 | D:4      | Found Daihad's Distillery.
  2517 | D:4      | 2517 ||| SHOPLISTING 2 potions of resistance (260 gold,
                  | have 105).
  2517 | D:4      | 2517 ||| BUYING potion of curing (39 gold).
  2517 | D:4      | Bought a potion of curing for 39 gold pieces
  2517 | D:4      | 2517 ||| BUYING potion of enlightenment (65 gold).
  2517 | D:4      | Bought a potion of enlightenment for 65 gold pieces
  2517 | D:4      | 2517 ||| SHOPLISTING potion of enlightenment (65 gold, have
                  | 1).
  2517 | D:4      | 2517 ||| SHOPLISTING potion of haste (130 gold, have 1).
  2517 | D:4      | 2517 ||| SHOPLISTING potion of heal wounds (65 gold, have
                  | 1).
  2645 | D:4      | Found Sosing's Jewellery Emporium.
  2654 | D:4      | 2654 ||| SHOPLISTING +4 ring of protection (468 gold, have
                  | 7).
  2654 | D:4      | 2654 ||| SHOPLISTING amulet of reflection (390 gold, have
                  | 7).
  2654 | D:4      | 2654 ||| SHOPLISTING amulet of the acrobat (390 gold, have
                  | 7).
  2654 | D:4      | 2654 ||| SHOPLISTING ring of protection from cold (325
                  | gold, have 7).
  2654 | D:4      | 2654 ||| SHOPLISTING ring of see invisible (195 gold, have
                  | 7).
  2654 | D:4      | Noticed an ogre
  2664 | D:4      | Killed an ogre
  2665 | D:4      | Reached skill level 9 in Ranged Weapons
  2665 | D:4      | Reached XP level 6. HP: 34/34 MP: 8/8
  2689 | D:4      | HP: 7/34 [orc/+0 flail (4)]
  2690 | D:4      | 2690 ||| READING 4 scrolls of teleportation.
  2690 | D:4      | HP: 1/34 [orc/+0 flail (6)]
  2690 | D:4      | Slain by an orc priest

Levels and vault maps discovered:
D:1:      psy_arrival_fountain, layout_basic,
          hellmonk_ecumenical_altar_defaced_shrine, minmay_cut_off
D:2:      layout_basic, basic_altar, serial_shops, shop, shop,
          nicolae_shop_window_shopping, shop
D:3:      layout_loops_corners, nicolae_overflow_ecumenical_swirl
D:4:      layout_basic, mainiacjoe_overflow_catwalk_spiral, serial_shops, shop,
          nicolae_shop_just_a_little_nook, nicolae_shop_advertising_works
          [nicolae_subvault_shop_adworks], nicolae_shop_tiny_statue_garden,
          minivault_1, nicolae_figureground_pulse

Skill      XL: |  1  2  3  4  5 |
---------------+----------------+-----
Ranged Weapons | 6 7 8 9 |  9.4
Dodging        | 3 |  3.0
Fighting       | |  1.5
Stealth        | |  1.2

Action                     |  1- 3 |  4- 6 || total
---------------------------+-------+-------++-------
   Fire: Shortbow          |   111 |   101 ||   212
    Use: Scroll            |     3 |     5 ||     8
         Potion            |     1 |     1 ||     2
 Armour: Leather armour    |     4 |       ||     4
         Scale mail        |       |    12 ||    12
  Dodge: Dodged            |     8 |    22 ||    30

Table legend:
 A = Non-vault XP
 B = Vault XP
 C = Vault XP percentage of total XP
 D = Non-vault monster count
 E = Vault monster count
 F = Vault count percentage of total count
                 A         B        C        D         E       F
            +---------+---------+-------+---------+---------+-------
      Total |     374 |       9 |   2.3 |      75 |       5 |   6.2
            +---------+---------+-------+---------+---------+-------
        D:1 |      46 |       9 |  16.4 |      27 |       5 |  15.6
        D:2 |      42 |       0 |   0.0 |      17 |       0 |   0.0
        D:3 |      89 |       0 |   0.0 |      18 |       0 |   0.0
        D:4 |     197 |       0 |   0.0 |      13 |       0 |   0.0
            +---------+---------+-------+---------+---------+-------
